 Dungeon Crawl Stone Soup version 0.25.1-2-g60ff931df9 (webtiles) character file.

Game seed: 10682007606379876190

46 lepoulpe303 the Skirmisher (level 3, 0/33 HPs)
             Began as a Draconian Fighter on Oct 13, 2020.
             Slain by an orc
             ... wielding a +0 short sword
              (3 damage)
             ... on level 3 of the Dungeon.
             The game lasted 00:03:43 (1965 turns).

lepoulpe303 the Skirmisher (Draconian Fighter)      Turns: 1965, Time: 00:03:44

Health: 0/33       AC:  5    Str: 19    XL:     3   Next: 44%
Magic:  3/3        EV: 13    Int:  8    God:
Gold:   88         SH:  0    Dex: 10    Spells: 2/2 levels left

rFire    . . .     SeeInvis .   p - -1 great sword (curse)
rCold    . . .     Gourm    .   (shield currently unavailable)
rNeg     . . .     Faith    .   (armour unavailable)
rPois    .         Spirit   .   (helmet restricted)
rElec    .         Reflect  .   (no cloak)
rCorr    .         Harm     .   (no gloves)
MR       .....                  (no boots)
Stlth    +.........             (no amulet)
HPRegen  0.11/turn              (no ring)
MPRegen  0.08/turn              (no ring)

@: no status effects
A: unfitting armour, cold-blooded, AC +5
a: no special abilities


You were on level 3 of the Dungeon.
You were not hungry.

You visited 1 branch of the dungeon, and saw 3 of its levels.

You collected 88 gold pieces.

Inventory:

Hand Weapons
 a - a +0 long sword
 b - a +0 hunting sling
 p - a cursed -1 great sword (weapon)
Missiles
 Q - 55 stones (quivered)
Armour
 l - a +0 kite shield
Wands
 m - a wand of paralysis (5)
Scrolls
 i - a scroll of identify
 j - a scroll of enchant armour
 B - a scroll of blinking {!r}
Potions
 c - a potion of degeneration {unknown}
 d - a potion of might
 f - 2 potions of brilliance {unknown}
 h - a potion of cancellation {unknown}
 k - a potion of stabbing {unknown}
Comestibles
 e - 11 rations
 g - 2 chunks of flesh


   Skills:
 + Level 3.8 Fighting
 + Level 2.5 Long Blades
 + Level 3.1 Dodging
 + Level 3.4 Shields


You had 2 spell levels left.
You didn't know any spells.
Your spell library was empty.

Dungeon Overview and Level Annotations

Branches:
Dungeon (3/15)

Altars:
Elyvilon
Trog


Innate Abilities, Weirdness & Mutations

Your plain brown scales are hard. (AC +5)
You cannot fit into any form of body armour.
You are cold-blooded and may be slowed by cold attacks.


Message History

You take 5 damage, and have 23/33 hp.
You barely miss the orc. The orc hits you with a +0 short sword.
* * * LOW HITPOINT WARNING * * *
The orc hits you with a +0 war axe!
* * * LOW HITPOINT WARNING * * *
You take 13 damage, and have 10/33 hp.
MASSIVE DAMAGE!!
You see here a stone.
You closely miss the orc. The orc hits you but does no damage.
The orc barely misses you.
You riposte.
You barely miss the orc. You completely miss the orc.
The orc hits you with a +0 short sword!
* * * LOW HITPOINT WARNING * * *
You take 6 damage, and have 4/33 hp.
You closely miss the orc. The orc hits you but does no damage.
The orc hits you with a +0 short sword.
* * * LOW HITPOINT WARNING * * *
You take 2 damage, and have 2/33 hp.
Unknown command.
The orc hits you with a +0 short sword.
You die...

.... ...# #...## .....# .#
...#..## ... #############......#
..##.....o.oo......##. .#
..#.########.o.)...#. #.# ###.#(#
#..@....#.##.# ....#(####
#.......#..#.# #...)o...#
#.......##.#.# # #..(.o...#
#.......##.#.#.##### #.(......#
####....##...#.#.... #(.......#
#.._........#.... (........######
##...###..###.... ..............#
##### #..# #.^..
.###..........###########.###....


You could see 3 orcs.

Levels and vault maps discovered:
D:1:      elethiomel_arrival_quiet, layout_basic, kennysheep_flooded_box
D:2:      layout_basic, elyvilon_altar_3, supply_closet_lemuel
D:3:      layout_basic, bloody_trog, first_ration, minmay_checkerbox

Notes
Turn   | Place    | Note
-------+----------+-------------------------------------------
     0 | D:1      | lepoulpe303 the Draconian Fighter began the quest for the
                  | Orb.
     0 | D:1      | Reached XP level 1. HP: 19/19 MP: 1/1
   428 | D:1      | Reached XP level 2. HP: 19/26 MP: 2/2
   618 | D:1      | Identified a +0 club
   656 | D:1      | Identified a +0 dagger
   833 | D:1      | Identified a +0 hunting sling (You found it on level 1 of
                  | the Dungeon)
   986 | D:2      | Identified a +0 long sword
  1057 | D:2      | Identified a +0 club
  1080 | D:2      | Reached skill level 3 in Dodging
  1424 | D:2      | Found a white marble altar of Elyvilon.
  1462 | D:2      | Reached XP level 3. HP: 28/33 MP: 3/3
  1785 | D:3      | Identified a +0 dagger
  1812 | D:3      | Identified a cursed -1 great sword (You found it on level 3
                  | of the Dungeon)
  1813 | D:3      | Identified 3 scrolls of identify
  1813 | D:3      | Identified a scroll of blinking
  1814 | D:3      | Identified a scroll of enchant armour
  1815 | D:3      | Identified a scroll of noise
  1816 | D:3      | Identified a scroll of teleportation
  1818 | D:3      | Identified a +0 dagger
  1818 | D:3      | Identified a +0 leather armour
  1818 | D:3      | Identified a +0 war axe
  1818 | D:3      | Identified a +0 hand axe
  1818 | D:3      | Identified a +0 scale mail
  1855 | D:3      | Identified a +0 war axe
  1855 | D:3      | Identified a cursed -2 trident
  1855 | D:3      | Identified a +0 scale mail
  1865 | D:3      | Identified a +0 club
  1865 | D:3      | Identified a +0 leather armour
  1879 | D:3      | Identified a +0 club
  1879 | D:3      | Identified a +0 hunting sling
  1912 | D:3      | Found a bloodstained altar of Trog.
  1935 | D:3      | Identified a +0 short sword
  1935 | D:3      | Identified a +0 leather armour
  1939 | D:3      | Identified a +0 club
  1939 | D:3      | Identified a +0 scale mail
  1951 | D:3      | HP: 4/33 [orc/+0 short sword (7)]
  1965 | D:3      | Slain by an orc

Table legend:
 A = Turns spent in this place as a percentage of turns spent in the entire game.
 B = Non-inter-level travel turns spent in this place as a percentage of non-inter-level travel turns spent in the entire game.
 C = Inter-level travel turns spent in this place as a percentage of turns spent in this place.
 D = Turns resting spent in this place as a percentage of non-inter-level travel turns spent in this place.
 E = Turns spent auto-exploring this place as a percentage of non-inter-level travel turns spent in this place.
 F = Non-inter-level travel turns spent in this place divided by the number of levels of this place that you've seen.
                   A       B       C       D       E      F
               +-------+-------+-------+-------+-------+----------------------
         Total | 100.0 | 100.0 |   3.8 |   5.5 |  80.6 | 630.3
       Dungeon | 100.0 | 100.0 |   3.8 |   5.5 |  80.6 | 630.3
               +-------+-------+-------+-------+-------+----------------------

Table legend:
 A = Kills in this place as a percentage of kills in entire the game.
 B = Kills by you in this place as a percentage of kills by you in the entire game.
 C = Kills by friends in this place as a percentage of kills by friends in the entire game.
 D = Other kills in this place as a percentage of other kills in the entire game.
 E = Experience gained in this place as a percentage of experience gained in the entire game.
 F = Experience gained in this place divided by the number of levels of this place that you have seen.
                   A       B       C       D       E      F
               +-------+-------+-------+-------+-------+----------------------
         Total | 100.0 | 100.0 |   N/A |   N/A | 100.0 |  22.0
       Dungeon | 100.0 | 100.0 |   N/A |   N/A | 100.0 |  22.0
               +-------+-------+-------+-------+-------+----------------------

Skill      XL: |  1  2 |
---------------+-------+-----
Dodging        | 3 |  3.1
Fighting       | |  3.8
Long Blades    | |  2.5
Shields        | |  3.4

Action                   || total
-------------------------++-------
Melee: Long sword        ||    48
       Tailslap          ||     7
       Great sword       ||    16
 Fire: Hunting sling     ||    46
Throw: Stone             ||     4
  Use: Scroll            ||     4
 Stab: Sleeping          ||     1
  Eat: Chunk             ||     1
       Ration            ||     1
Armor: Skin              ||    24
Dodge: Dodged            ||    53
Block: Kite shield       ||    27
       Rpst.: Long sword ||    11
       Great sword       ||     3

Vanquished Creatures
  2 dart slugs
  3 leopard geckos
  4 orcs (D:3)
  A giant cockroach (D:2)
  4 goblins
  A hobgoblin (D:2)
  7 jackals
  3 kobolds
  2 bats (D:1)
  2 frilled lizards
  3 rats
32 creatures vanquished.
